Sharks vs Blue Jackets
Created - May 1, 2020 at 19:43
Goals
|
| Sharks |
3 |
0 |
0 |
0 |
2 |
4 |
| Blue Jackets |
0 |
2 |
1 |
0 |
0 |
3 |
|
Shots
|
| Sharks |
9 |
11 |
8 |
0 |
2 |
28 |
| Blue Jackets |
10 |
17 |
6 |
0 |
2 |
33 |
|
1st period
1. Sharks , Drew Doughty 36 (Jason Spezza 50) at 7:01 (PP)
2. Sharks , Jason Spezza 38 (Drew Doughty 78) at 9:55 (PP)
3. Sharks , Jason Spezza 39 (Milan Michalek 38) at 14:41 (PP)
Penalties :
Timothy Kunes (Clb) for Tripping (Minor) at 7:00, Martin Havlat (Clb) for Cross-checking (Minor) at 9:32, Artemi Panarin (Clb) for Interference (Minor) at 14:28, Mike Comrie (Clb) for Goalie Interference (Minor) at 18:11
2nd period
4. Blue Jackets , Derek Boogaard 32 (Cam Fowler 27) at 17:42
5. Blue Jackets , Max Pacioretty 18 (Cody Eakin 23) at 18:19
Penalties :
No Penalty
3rd period
6. Blue Jackets , Cody Eakin 10 (Max Pacioretty 25, Andreas Nodl 14) at 6:22
Penalties :
Drew Doughty (SJS) for High sticking (Minor) at 0:13, Martins Karsums (SJS) for Hooking (Minor) at 3:00, Zach Boychuk (SJS) for Diving (Minor) at 8:55, Paul Ranger (SJS) for Hooking (Minor) at 13:09
Overtime #1
No Goal
Penalties :
No Penalty
Shootout
Sharks, Mike Cammalleri - Goal!
Blue Jackets, Artemi Panarin - Stopped by Ryan Miller
Sharks, Milan Michalek - Goal!
Blue Jackets, Derek Boogaard - Stopped by Ryan Miller
Penalties :
No Penalty
Goalie Stats
Ryan Miller (SJS), 30 saves from 33 shots - (0.909), W, 36-24-7, 65:00 minutes
Rick DiPietro (Clb), 25 saves from 28 shots - (0.893), OTL, 30-25-12, 65:00 minutes
Players Stats for Sharks
Player Name G A P +/- PIM S H SB GA TA FO MP PP MP PK MP
------------------------------------------------------------------------------------
Adam Larsson 0 0 0 -1 0 2 2 0 1 1 0/0 20:42 0:00 3:16
Bobby Butler 0 0 0 0 0 1 1 0 0 1 2/2 18:42 1:44 0:00
Brandon Dubinsky 0 0 0 -2 0 0 1 0 0 0 3/13 16:48 0:00 0:29
David Rundblad 0 0 0 -1 0 3 0 1 0 1 0/0 19:24 0:38 1:30
Dennis Wideman 0 0 0 -1 0 0 0 2 0 2 0/0 18:00 0:38 4:40
Drew Doughty 1 1 2 -1 2 3 0 2 2 2 0/0 30:36 1:58 3:23
Jason Spezza 2 1 3 0 0 7 0 2 3 1 18/35 25:04 1:44 4:04
Jiri Tlusty 0 0 0 0 0 1 2 0 0 0 0/0 7:12 0:00 0:00
Luke Adam 0 0 0 0 0 0 0 0 0 0 1/3 6:03 0:00 0:00
Martins Karsums 0 0 0 -2 2 4 2 0 0 0 0/1 14:02 0:00 1:09
Mike Cammalleri 0 0 0 -2 0 2 1 0 0 1 1/2 19:16 0:52 1:38
Milan Michalek 0 1 1 0 0 0 1 0 0 1 1/2 25:04 1:44 4:04
Oskar Osala 0 0 0 -1 0 0 1 0 0 0 0/0 13:28 0:00 2:14
Paul Ranger 0 0 0 -1 2 1 0 2 0 0 0/0 12:03 0:00 0:00
Stefan Ruzicka 0 0 0 -1 0 2 1 1 0 0 0/0 14:33 0:52 0:00
T.J. Hensick 0 0 0 -1 0 1 0 0 0 0 7/13 14:20 0:52 2:14
Tyler Cuma 0 0 0 -1 0 0 0 2 1 0 0/0 29:31 1:58 3:03
Zach Boychuk 0 0 0 0 2 1 1 0 0 0 0/0 7:12 0:00 0:00
Players Stats for Blue Jackets
Player Name G A P +/- PIM S H SB GA TA FO MP PP MP PK MP
------------------------------------------------------------------------------------
A.J Thelen 0 0 0 0 0 1 0 1 0 0 0/0 21:55 3:03 0:47
Andreas Nodl 0 1 1 2 0 0 0 0 0 0 1/1 12:57 0:12 0:00
Artemi Panarin 0 0 0 0 2 1 3 0 2 4 4/10 25:52 3:58 1:31
Cam Fowler 0 1 1 1 0 3 5 1 0 1 0/0 29:43 4:53 1:49
Christian Hanson 0 0 0 0 0 0 0 0 0 0 6/7 6:26 0:00 0:00
Cody Eakin 1 1 2 2 0 3 0 1 3 0 2/8 13:18 0:12 0:09
Dalton Prout 0 0 0 0 0 1 4 0 0 0 0/0 21:55 3:03 0:47
Derek Boogaard 1 0 1 1 0 5 3 1 0 1 1/2 21:18 3:54 1:43
Devin Setoguchi 0 0 0 1 0 0 1 0 0 0 1/3 16:59 3:54 0:00
Eric Wellwood 0 0 0 0 0 2 0 0 0 0 1/1 8:05 0:00 0:41
Martin Havlat 0 0 0 0 2 3 3 1 0 0 0/0 23:20 3:50 0:28
Max Pacioretty 1 1 2 2 0 5 0 0 1 0 1/1 13:25 0:00 0:40
Mike Comrie 0 0 0 0 2 2 3 1 2 1 16/29 21:59 3:50 0:00
Peter Mueller 0 0 0 1 0 3 1 1 0 0 5/9 16:59 3:54 0:00
Rob Scuderi 0 0 0 1 0 2 4 1 1 0 0/0 29:43 4:53 1:49
Ryan Wilson 0 0 0 2 0 0 0 0 1 0 0/0 13:22 0:00 0:00
Timothy Kunes 0 0 0 2 2 0 0 1 0 0 0/0 13:21 0:00 0:00
Tyler Kennedy 0 0 0 0 0 2 0 0 0 0 0/0 6:43 0:04 0:00
3 Stars
1 - Jason Spezza (SJS)
2 - Cody Eakin (Clb)
3 - Max Pacioretty (Clb)
Power Play
Sharks - 3 on 4 Attempt(s) - 75.00%
Blue Jackets - 0 on 4 Attempt(s) - 0.00%
Penalty Kill
Sharks - 4 on 4 Attempt(s) - 100.00%
- Score 0 goal in Penalty Kill
Blue Jackets - 1 on 4 Attempt(s) - 25.00%
- Score 0 goal in Penalty Kill
Team Stat
Sharks - Hits : 13 - Faceoff Wins : 33 - Blocked Shots : 12 - Penalty Minutes : 8
Blue Jackets - Hits : 27 - Faceoff Wins : 38 - Blocked Shots : 9 - Penalty Minutes : 8
Official
Referees : Unknown
Linesman : Unknown
Game Notes
No Game Note
Finance
Level 1 -- Attendance: 4882 (81.37%) -- Ticket Income $561,430
Level 2 -- Attendance: 3785 (75.70%) -- Ticket Income $283,875
Level 3 -- Attendance: 1433 (71.65%) -- Ticket Income $64,485
Level 4 -- Attendance: 3309 (82.73%) -- Ticket Income $99,270
Luxury Box -- Attendance: 697 (69.70%) -- Ticket Income $149,855
Game was played at the Ohio State Arena.
Total Attendance: 14106 (78.37%)
Total Ticket Income: $1,158,915
Other Income: $173,837
Total Income: $1,332,752
Sharks
5 vs 5 Forward
Center Left Wing Right Wing Time % Phy DF OF
1 Jason Spezza Milan Michalek Bobby Butler 40 1 1 3
2 Brandon Dubinsky Mike Cammalleri Stefan Ruzicka 30 1 1 3
3 T.J. Hensick Oskar Osala Martins Karsums 20 2 2 1
4 Luke Adam Zach Boychuk Jiri Tlusty 10 2 2 1
5 vs 5 Defense
Defense Defense Time % Phy DF OF
1 Drew Doughty Tyler Cuma 40 1 1 3
2 Adam Larsson David Rundblad 30 1 1 3
3 Dennis Wideman Paul Ranger 20 2 2 1
4 Drew Doughty Tyler Cuma 10 2 2 1
PowerPlay Forward
Center Left Wing Right Wing Time % Phy DF OF
1 Jason Spezza Milan Michalek Bobby Butler 60 1 2 2
2 T.J. Hensick Mike Cammalleri Stefan Ruzicka 40 1 2 2
PowerPlay Defense
Defense Defense Time % Phy DF OF
1 Drew Doughty Tyler Cuma 60 1 2 2
2 Dennis Wideman David Rundblad 40 1 2 2
Penalty Kill 4 Players Forward
Center Wing Time % Phy DF OF
1 Jason Spezza Milan Michalek 60 2 3 0
2 T.J. Hensick Oskar Osala 40 2 3 0
Penalty Kill 4 Players Defense
Defense Defense Time % Phy DF OF
1 Drew Doughty Dennis Wideman 60 2 3 0
2 Adam Larsson Tyler Cuma 40 2 3 0
Penalty Kill - 3 Players Forward
Forward Time % Phy DF OF
1 Jason Spezza 60 2 3 0
2 T.J. Hensick 40 2 3 0
Penalty Kill - 3 Players Defense
Defense Defense Time % Phy DF OF
1 Drew Doughty Dennis Wideman 60 2 3 0
2 Adam Larsson Tyler Cuma 40 2 3 0
4 vs 4 Forward
Center Wing Time % Phy DF OF
1 Jason Spezza Milan Michalek 60 1 1 3
2 Brandon Dubinsky Mike Cammalleri 40 1 1 3
4 vs 4 Defense
Defense Defense Time % Phy DF OF
1 Drew Doughty Tyler Cuma 60 1 1 3
2 Adam Larsson David Rundblad 40 1 1 1
Last Minutes Offensive
Center Left Wing Right Wing Defense Defense
Jason Spezza Brandon Dubinsky Bobby Butler Drew Doughty Tyler Cuma
Last Minutes Defensive
Center Left Wing Right Wing Defense Defense
Jason Spezza T.J. Hensick Oskar Osala Drew Doughty Adam Larsson
Goaltenders
Starting : Ryan Miller
Backup : Anders Nilsson
Extra Forwards
Normal : Jiri Tlusty, Zach Boychuk, Martins Karsums - PP : Jiri Tlusty, Zach Boychuk - PK : Martins Karsums
Extra Defensemen
Normal : Adam Larsson, David Rundblad, Tyler Cuma - PP : Adam Larsson - PK : David Rundblad, Dennis Wideman
Penalty Shots
Mike Cammalleri, Milan Michalek, Oskar Osala, Brandon Dubinsky, T.J. Hensick
Scratches
Andrej Sekera (Healthy), Nikolai Kulemin (Healthy)
Blue Jackets
5 vs 5 Forward
Center Left Wing Right Wing Time % Phy DF OF
1 Mike Comrie Artemi Panarin Martin Havlat 40 1 2 2
2 Peter Mueller Derek Boogaard Devin Setoguchi 30 1 2 2
3 Cody Eakin Max Pacioretty Andreas Nodl 20 1 2 2
4 Christian Hanson Eric Wellwood Tyler Kennedy 10 1 2 2
5 vs 5 Defense
Defense Defense Time % Phy DF OF
1 Cam Fowler Rob Scuderi 40 1 2 2
2 Dalton Prout A.J Thelen 30 1 2 2
3 Ryan Wilson Timothy Kunes 20 1 2 2
4 Cam Fowler Rob Scuderi 10 1 2 2
PowerPlay Forward
Center Left Wing Right Wing Time % Phy DF OF
1 Mike Comrie Artemi Panarin Martin Havlat 60 1 2 2
2 Peter Mueller Derek Boogaard Devin Setoguchi 40 1 2 2
PowerPlay Defense
Defense Defense Time % Phy DF OF
1 Cam Fowler Rob Scuderi 60 1 2 2
2 Dalton Prout A.J Thelen 40 1 2 2
Penalty Kill 4 Players Forward
Center Wing Time % Phy DF OF
1 Artemi Panarin Derek Boogaard 60 1 2 2
2 Max Pacioretty Martin Havlat 40 1 2 2
Penalty Kill 4 Players Defense
Defense Defense Time % Phy DF OF
1 Cam Fowler Rob Scuderi 60 1 2 2
2 Dalton Prout A.J Thelen 40 1 2 2
Penalty Kill - 3 Players Forward
Forward Time % Phy DF OF
1 Artemi Panarin 60 1 2 2
2 Derek Boogaard 40 1 2 2
Penalty Kill - 3 Players Defense
Defense Defense Time % Phy DF OF
1 Cam Fowler Rob Scuderi 60 1 2 2
2 Dalton Prout A.J Thelen 40 1 2 2
4 vs 4 Forward
Center Wing Time % Phy DF OF
1 Artemi Panarin Derek Boogaard 60 1 2 2
2 Max Pacioretty Martin Havlat 40 1 2 2
4 vs 4 Defense
Defense Defense Time % Phy DF OF
1 Cam Fowler Rob Scuderi 60 1 2 2
2 Dalton Prout A.J Thelen 40 1 2 2
Last Minutes Offensive
Center Left Wing Right Wing Defense Defense
Mike Comrie Artemi Panarin Martin Havlat Cam Fowler Rob Scuderi
Last Minutes Defensive
Center Left Wing Right Wing Defense Defense
Mike Comrie Artemi Panarin Martin Havlat Cam Fowler Rob Scuderi
Goaltenders
Starting : Rick DiPietro
Backup : Andrei Vasilevskiy
Extra Forwards
Normal : Cody Eakin, Andreas Nodl, Eric Wellwood - PP : Cody Eakin, Andreas Nodl - PK : Eric Wellwood
Extra Defensemen
Normal : Ryan Wilson, Timothy Kunes, Dalton Prout - PP : Ryan Wilson - PK : Timothy Kunes, Dalton Prout
Penalty Shots
Artemi Panarin, Derek Boogaard, Max Pacioretty, Martin Havlat, Devin Setoguchi
Scratches
Branislav Mezei (Lacerated Left Calf Injury), Mike Lundin (Left Foot Injury), Pavel Datsyuk (Healthy)
% Time on Ice - Sharks
Lines # - Real PCT - Wanted PCT - Time Play
Normal Forward
1 - 37% - 40% - 18:30
2 - 28% - 30% - 13:51
3 - 22% - 20% - 11:04
4 - 12% - 10% - 6:03
Normal Defense
1 - 39% - 40% - 19:12
2 - 30% - 30% - 15:05
3 - 24% - 20% - 11:50
4 - 7% - 10% - 3:21
PP Forward
1 - 67% - 60% - 1:44
2 - 33% - 40% - 0:52
PP Defense
1 - 76% - 60% - 1:58
2 - 24% - 40% - 0:38
PK Forward
1 - 72% - 60% - 5:42
2 - 28% - 40% - 2:14
PK Defense
1 - 59% - 60% - 4:40
2 - 41% - 40% - 3:16
PK3 Forward
1 - 0% - 60%
2 - 0% - 40%
PK3 Defense
1 - 0% - 60%
2 - 0% - 40%
44 Forward
1 - 75% - 60% - 3:45
2 - 25% - 40% - 1:15
44 Defense
1 - 55% - 60% - 2:45
2 - 45% - 40% - 2:15
Last Minute Offensive - 0:00
Last Minute Defensive - 0:00
Total
Forward - 65:00
Defense - 65:00
|
% Time on Ice - Blue Jackets
Lines # - Real PCT - Wanted PCT - Time Play
Normal Forward
1 - 38% - 40% - 18:38
2 - 26% - 30% - 13:05
3 - 23% - 20% - 11:19
4 - 13% - 10% - 6:26
Normal Defense
1 - 36% - 40% - 17:51
2 - 32% - 30% - 16:02
3 - 26% - 20% - 13:06
4 - 5% - 10% - 2:29
PP Forward
1 - 51% - 60% - 4:02
2 - 49% - 40% - 3:54
PP Defense
1 - 62% - 60% - 4:53
2 - 38% - 40% - 3:03
PK Forward
1 - 82% - 60% - 2:08
2 - 18% - 40% - 0:28
PK Defense
1 - 70% - 60% - 1:49
2 - 30% - 40% - 0:47
PK3 Forward
1 - 0% - 60%
2 - 0% - 40%
PK3 Defense
1 - 0% - 60%
2 - 0% - 40%
44 Forward
1 - 71% - 60% - 3:34
2 - 29% - 40% - 1:26
44 Defense
1 - 59% - 60% - 2:57
2 - 41% - 40% - 2:03
Last Minute Offensive - 0:00
Last Minute Defensive - 0:00
Total
Forward - 65:00
Defense - 65:00
|
Play-by-Play
1st period
0:01 of 1st period - Bobby Butler wins face-off versus Mike Comrie in neutral zone.
0:26 of 1st period - Cam Fowler is hit by Brandon Dubinsky.
0:46 of 1st period - Snap shot by Max Pacioretty.
0:46 of 1st period - Stopped by Ryan Miller with a rebound.
0:56 of 1st period - Snap shot by Max Pacioretty.
0:56 of 1st period - Shot Blocked by Tyler Cuma.
2:15 of 1st period - Slapshot by Max Pacioretty.
2:15 of 1st period - Stopped by Ryan Miller without a rebound.
2:16 of 1st period - T.J. Hensick wins face-off versus Mike Comrie in Sharks zone.
2:25 of 1st period - Wrist shot by Martins Karsums.
2:25 of 1st period - Stopped by Rick DiPietro without a rebound.
2:26 of 1st period - Mike Comrie wins face-off versus Jason Spezza in Blue Jackets zone.
2:55 of 1st period - Wrist shot by Derek Boogaard.
2:55 of 1st period - Shot Misses the Net.
3:37 of 1st period - T.J. Hensick is hit by Dalton Prout.
3:38 of 1st period - Icing by T.J. Hensick.
3:39 of 1st period - T.J. Hensick wins face-off versus Christian Hanson in Sharks zone.
4:18 of 1st period - Snap shot by Martins Karsums.
4:18 of 1st period - Shot Blocked by Timothy Kunes.
4:20 of 1st period - Slapshot by T.J. Hensick.
4:20 of 1st period - Deflect By Martins Karsums.
4:20 of 1st period - Shot Misses the Net.
4:20 of 1st period - Puck is out of play.
4:21 of 1st period - Mike Comrie wins face-off versus Jason Spezza in Blue Jackets zone.
4:21 of 1st period - Mike Comrie is hit by Milan Michalek.
6:09 of 1st period - Mike Cammalleri is hit by Derek Boogaard and loses puck.
7:00 of 1st period - Minor Penalty to Timothy Kunes for Tripping.
7:01 of 1st period - Jason Spezza wins face-off versus Artemi Panarin in Blue Jackets zone.
7:01 of 1st period - Snap shot by Drew Doughty.
7:01 of 1st period - Goal by Drew Doughty - Sharks : 1 - Blue Jackets : 0.
7:02 of 1st period - Mike Comrie wins face-off versus Jason Spezza in neutral zone.
7:55 of 1st period - Wrist shot by Cody Eakin.
7:55 of 1st period - Shot Blocked by David Rundblad.
8:13 of 1st period - Slapshot by Cam Fowler.
8:13 of 1st period - Stopped by Ryan Miller without a rebound.
8:14 of 1st period - Christian Hanson wins face-off versus Jason Spezza in Sharks zone.
8:25 of 1st period - Wrist shot by Tyler Kennedy.
8:25 of 1st period - Stopped by Ryan Miller without a rebound.
8:26 of 1st period - Jason Spezza wins face-off versus Mike Comrie in Sharks zone.
8:54 of 1st period - Off-side.
8:55 of 1st period - Peter Mueller wins face-off versus Brandon Dubinsky in neutral zone.
9:04 of 1st period - Snap shot by Peter Mueller.
9:04 of 1st period - Stopped by Ryan Miller with a rebound.
9:17 of 1st period - Snap shot by Mike Cammalleri.
9:17 of 1st period - Stopped by Rick DiPietro without a rebound.
9:18 of 1st period - Mike Comrie wins face-off versus Jason Spezza in Blue Jackets zone.
9:32 of 1st period - Minor Penalty to Martin Havlat for Cross-checking.
9:33 of 1st period - Jason Spezza wins face-off versus Derek Boogaard in Blue Jackets zone.
9:45 of 1st period - Wrist shot by Jason Spezza.
9:45 of 1st period - Stopped by Rick DiPietro without a rebound.
9:46 of 1st period - Jason Spezza wins face-off versus Artemi Panarin in Blue Jackets zone.
9:55 of 1st period - Snap shot by Jason Spezza.
9:55 of 1st period - Goal by Jason Spezza - Sharks : 2 - Blue Jackets : 0.
9:56 of 1st period - Mike Comrie wins face-off versus Jason Spezza in neutral zone.
10:10 of 1st period - Wrist shot by Jason Spezza.
10:10 of 1st period - Stopped by Rick DiPietro with a rebound.
10:30 of 1st period - Snap shot by Brandon Dubinsky.
10:30 of 1st period - Shot Misses the Net.
10:32 of 1st period - Slapshot by Drew Doughty.
10:32 of 1st period - Deflect By Mike Cammalleri.
10:32 of 1st period - Shot Misses the Net.
10:32 of 1st period - Puck is out of play.
10:33 of 1st period - Brandon Dubinsky wins face-off versus Cody Eakin in Blue Jackets zone.
10:34 of 1st period - Snap shot by Mike Cammalleri.
10:34 of 1st period - Stopped by Rick DiPietro with a rebound.
11:00 of 1st period - Jason Spezza is hit by Mike Comrie.
11:24 of 1st period - Off-side.
11:25 of 1st period - Christian Hanson wins face-off versus Brandon Dubinsky in neutral zone.
11:32 of 1st period - Slapshot by Tyler Kennedy.
11:32 of 1st period - Stopped by Ryan Miller with a rebound.
11:50 of 1st period - Stefan Ruzicka is hit by Devin Setoguchi and loses puck.
11:57 of 1st period - Wrist shot by Derek Boogaard.
11:57 of 1st period - Stopped by Ryan Miller without a rebound.
11:58 of 1st period - Jason Spezza wins face-off versus Mike Comrie in Sharks zone.
12:25 of 1st period - Icing by Derek Boogaard.
12:26 of 1st period - T.J. Hensick wins face-off versus Devin Setoguchi in Blue Jackets zone.
12:35 of 1st period - Wrist shot by Martins Karsums.
12:35 of 1st period - Stopped by Rick DiPietro with a rebound.
12:37 of 1st period - Snap shot by Drew Doughty.
12:37 of 1st period - Deflect By Oskar Osala.
12:37 of 1st period - Shot Misses the Net.
12:37 of 1st period - Puck is out of play.
12:38 of 1st period - Mike Comrie wins face-off versus Jason Spezza in Blue Jackets zone.
13:05 of 1st period - Oskar Osala is hit by Peter Mueller and loses puck.
13:17 of 1st period - Icing by Tyler Cuma.
13:18 of 1st period - Artemi Panarin wins face-off versus T.J. Hensick in Sharks zone.
13:23 of 1st period - Snap shot by Artemi Panarin.
13:23 of 1st period - Shot Misses the Net.
13:55 of 1st period - Tyler Cuma is hit by Dalton Prout and loses puck.
14:12 of 1st period - Wrist shot by Derek Boogaard.
14:12 of 1st period - Shot Misses the Net.
14:16 of 1st period - Snap shot by Derek Boogaard.
14:16 of 1st period - Stopped by Ryan Miller without a rebound.
14:17 of 1st period - Mike Cammalleri wins face-off versus Mike Comrie in Sharks zone.
14:17 of 1st period - Mike Cammalleri is hit by Rob Scuderi.
14:28 of 1st period - Minor Penalty to Artemi Panarin for Interference.
14:29 of 1st period - Eric Wellwood wins face-off versus Jason Spezza in Blue Jackets zone.
14:35 of 1st period - Snap shot by Eric Wellwood.
14:35 of 1st period - Shot Misses the Net.
14:41 of 1st period - Slapshot by Jason Spezza.
14:41 of 1st period - Goal by Jason Spezza - Sharks : 3 - Blue Jackets : 0.
14:42 of 1st period - Mike Comrie wins face-off versus Jason Spezza in neutral zone.
14:53 of 1st period - Snap shot by Mike Comrie.
14:53 of 1st period - Shot Blocked by Tyler Cuma.
14:55 of 1st period - Wrist shot by Rob Scuderi.
14:55 of 1st period - Deflect By Mike Comrie.
14:55 of 1st period - Shot Misses the Net.
14:55 of 1st period - Puck is out of play.
14:56 of 1st period - Jason Spezza wins face-off versus Peter Mueller in Sharks zone.
15:05 of 1st period - Slapshot by Drew Doughty.
15:05 of 1st period - Shot Blocked by Peter Mueller.
15:34 of 1st period - Slapshot by Mike Comrie.
15:34 of 1st period - Shot Blocked by Stefan Ruzicka.
15:50 of 1st period - Max Pacioretty is hit by Adam Larsson and loses puck.
16:17 of 1st period - Snap shot by Jason Spezza.
16:17 of 1st period - Deflect By Bobby Butler.
16:17 of 1st period - Shot Blocked by A.J Thelen.
16:17 of 1st period - Puck is out of play.
16:18 of 1st period - Jason Spezza wins face-off versus Mike Comrie in Blue Jackets zone.
16:53 of 1st period - Wrist shot by Zach Boychuk.
16:53 of 1st period - Shot Misses the Net.
16:55 of 1st period - Slapshot by Drew Doughty.
16:55 of 1st period - Shot Misses the Net.
17:13 of 1st period - Slapshot by Max Pacioretty.
17:13 of 1st period - Shot Blocked by Dennis Wideman.
17:19 of 1st period - Ryan Wilson is hit by Martins Karsums and loses puck.
17:48 of 1st period - Off-side.
17:49 of 1st period - Mike Comrie wins face-off versus Mike Cammalleri in neutral zone.
17:54 of 1st period - Wrist shot by Martin Havlat.
17:54 of 1st period - Stopped by Ryan Miller with a rebound.
17:56 of 1st period - Backhand shot by Cam Fowler.
17:56 of 1st period - Stopped by Ryan Miller without a rebound.
17:57 of 1st period - Mike Comrie wins face-off versus Jason Spezza in Sharks zone.
18:11 of 1st period - Minor Penalty to Mike Comrie for Goalie Interference.
18:12 of 1st period - Artemi Panarin wins face-off versus Jason Spezza in Blue Jackets zone.
18:57 of 1st period - Tyler Cuma is hit by Martin Havlat and loses puck.
19:02 of 1st period - Snap shot by Martin Havlat.
19:02 of 1st period - Shot Misses the Net.
Goals for this period are 3 for Sharks vs 0 for Blue Jackets.
Shots for this period are 9 for Sharks vs 10 for Blue Jackets.
2nd period
0:01 of 2nd period - Artemi Panarin wins face-off versus Jason Spezza in neutral zone.
0:06 of 2nd period - Slapshot by Cam Fowler.
0:06 of 2nd period - Stopped by Ryan Miller with a rebound.
0:08 of 2nd period - Slapshot by Derek Boogaard.
0:08 of 2nd period - Stopped by Ryan Miller without a rebound.
0:09 of 2nd period - Jason Spezza wins face-off versus Artemi Panarin in Sharks zone.
0:09 of 2nd period - Jason Spezza is hit by Artemi Panarin.
0:11 of 2nd period - Penalty to Mike Comrie is over, Mike Comrie is back on ice.
0:17 of 2nd period - Slapshot by Tyler Cuma.
0:17 of 2nd period - Shot Misses the Net.
0:43 of 2nd period - Slapshot by Drew Doughty.
0:43 of 2nd period - Stopped by Rick DiPietro without a rebound.
0:44 of 2nd period - Brandon Dubinsky wins face-off versus Cody Eakin in Blue Jackets zone.
0:45 of 2nd period - Slapshot by Mike Cammalleri.
0:45 of 2nd period - Shot Blocked by Cody Eakin.
1:21 of 2nd period - Wrist shot by Max Pacioretty.
1:21 of 2nd period - Stopped by Ryan Miller without a rebound.
1:22 of 2nd period - Jason Spezza wins face-off versus Peter Mueller in Sharks zone.
1:58 of 2nd period - Icing by Dennis Wideman.
1:59 of 2nd period - Devin Setoguchi wins face-off versus Brandon Dubinsky in Sharks zone.
2:02 of 2nd period - Wrist shot by Derek Boogaard.
2:02 of 2nd period - Shot Hit the Post.
2:45 of 2nd period - Paul Ranger is hit by Martin Havlat and loses puck.
2:54 of 2nd period - Wrist shot by Artemi Panarin.
2:54 of 2nd period - Shot Misses the Net.
2:56 of 2nd period - Slapshot by Mike Comrie.
2:56 of 2nd period - Stopped by Ryan Miller without a rebound.
2:57 of 2nd period - Peter Mueller wins face-off versus Martins Karsums in Sharks zone.
3:06 of 2nd period - Snap shot by Derek Boogaard.
3:06 of 2nd period - Stopped by Ryan Miller without a rebound.
3:07 of 2nd period - T.J. Hensick wins face-off versus Peter Mueller in Sharks zone.
3:27 of 2nd period - Wrist shot by Peter Mueller.
3:27 of 2nd period - Shot Misses the Net.
3:45 of 2nd period - Wrist shot by Martins Karsums.
3:45 of 2nd period - Stopped by Rick DiPietro with a rebound.
3:47 of 2nd period - Slapshot by Drew Doughty.
3:47 of 2nd period - Stopped by Rick DiPietro without a rebound.
3:48 of 2nd period - Bobby Butler wins face-off versus Artemi Panarin in Blue Jackets zone.
4:34 of 2nd period - Slapshot by Paul Ranger.
4:34 of 2nd period - Deflect By Zach Boychuk.
4:34 of 2nd period - Shot Misses the Net.
4:34 of 2nd period - Puck is out of play.
4:35 of 2nd period - Christian Hanson wins face-off versus Luke Adam in Blue Jackets zone.
4:50 of 2nd period - Snap shot by Eric Wellwood.
4:50 of 2nd period - Stopped by Ryan Miller without a rebound.
4:51 of 2nd period - Jason Spezza wins face-off versus Mike Comrie in Sharks zone.
5:33 of 2nd period - Snap shot by Peter Mueller.
5:33 of 2nd period - Stopped by Ryan Miller with a rebound.
5:47 of 2nd period - Snap shot by Cody Eakin.
5:47 of 2nd period - Stopped by Ryan Miller with a rebound.
5:49 of 2nd period - Wrist shot by Max Pacioretty.
5:49 of 2nd period - Stopped by Ryan Miller with a rebound.
7:04 of 2nd period - Icing by Mike Cammalleri.
7:05 of 2nd period - Brandon Dubinsky wins face-off versus Cody Eakin in Sharks zone.
7:32 of 2nd period - Slapshot by David Rundblad.
7:32 of 2nd period - Stopped by Rick DiPietro without a rebound.
7:33 of 2nd period - Mike Comrie wins face-off versus Brandon Dubinsky in Blue Jackets zone.
7:33 of 2nd period - Mike Comrie is hit by Stefan Ruzicka.
7:43 of 2nd period - Mike Cammalleri is hit by Mike Comrie.
8:11 of 2nd period - Slapshot by Mike Comrie.
8:11 of 2nd period - Stopped by Ryan Miller with a rebound.
8:27 of 2nd period - Slapshot by Stefan Ruzicka.
8:27 of 2nd period - Stopped by Rick DiPietro without a rebound.
8:28 of 2nd period - Jason Spezza wins face-off versus Devin Setoguchi in Blue Jackets zone.
8:54 of 2nd period - Slapshot by Adam Larsson.
8:54 of 2nd period - Stopped by Rick DiPietro with a rebound.
9:16 of 2nd period - Slapshot by T.J. Hensick.
9:16 of 2nd period - Stopped by Rick DiPietro with a rebound.
9:18 of 2nd period - Backhand shot by Martins Karsums.
9:18 of 2nd period - Shot Misses the Net.
9:20 of 2nd period - Snap shot by David Rundblad.
9:20 of 2nd period - Stopped by Rick DiPietro with a rebound.
9:26 of 2nd period - Snap shot by T.J. Hensick.
9:26 of 2nd period - Shot Misses the Net.
9:44 of 2nd period - Icing by Jason Spezza.
9:45 of 2nd period - Jason Spezza wins face-off versus Mike Comrie in Sharks zone.
10:06 of 2nd period - Cam Fowler is hit by Bobby Butler and loses puck.
10:22 of 2nd period - Drew Doughty is hit by Cam Fowler and loses puck.
11:12 of 2nd period - Snap shot by Artemi Panarin.
11:12 of 2nd period - Shot Blocked by Jason Spezza.
11:14 of 2nd period - Wrist shot by Martin Havlat.
11:14 of 2nd period - Shot Misses the Net.
11:16 of 2nd period - Wrist shot by Artemi Panarin.
11:16 of 2nd period - Deflect By Drew Doughty.
11:16 of 2nd period - Shot Misses the Net.
11:16 of 2nd period - Puck is out of play.
11:17 of 2nd period - Peter Mueller wins face-off versus Brandon Dubinsky in Sharks zone.
11:28 of 2nd period - Wrist shot by Peter Mueller.
11:28 of 2nd period - Shot Blocked by Dennis Wideman.
11:30 of 2nd period - Slapshot by Dalton Prout.
11:30 of 2nd period - Stopped by Ryan Miller with a rebound.
11:32 of 2nd period - Slapshot by A.J Thelen.
11:32 of 2nd period - Stopped by Ryan Miller without a rebound.
11:33 of 2nd period - Cody Eakin wins face-off versus T.J. Hensick in Sharks zone.
12:24 of 2nd period - Snap shot by Eric Wellwood.
12:24 of 2nd period - Stopped by Ryan Miller without a rebound.
12:25 of 2nd period - Christian Hanson wins face-off versus T.J. Hensick in Sharks zone.
12:55 of 2nd period - Wrist shot by Peter Mueller.
12:55 of 2nd period - Shot Misses the Net.
13:13 of 2nd period - Slapshot by Zach Boychuk.
13:13 of 2nd period - Stopped by Rick DiPietro with a rebound.
14:58 of 2nd period - Wrist shot by Jiri Tlusty.
14:58 of 2nd period - Shot Misses the Net.
15:24 of 2nd period - Wrist shot by Bobby Butler.
15:24 of 2nd period - Stopped by Rick DiPietro with a rebound.
15:26 of 2nd period - Slapshot by Paul Ranger.
15:26 of 2nd period - Stopped by Rick DiPietro with a rebound.
16:33 of 2nd period - David Rundblad is hit by Artemi Panarin.
17:05 of 2nd period - Dalton Prout is hit by Jiri Tlusty and loses puck.
17:42 of 2nd period - Wrist shot by Derek Boogaard.
17:42 of 2nd period - Goal by Derek Boogaard - Sharks : 3 - Blue Jackets : 1.
17:43 of 2nd period - Mike Comrie wins face-off versus Milan Michalek in neutral zone.
18:00 of 2nd period - Snap shot by Artemi Panarin.
18:00 of 2nd period - Shot Misses the Net.
18:19 of 2nd period - Snap shot by Max Pacioretty.
18:19 of 2nd period - Goal by Max Pacioretty - Sharks : 3 - Blue Jackets : 2.
18:20 of 2nd period - Mike Comrie wins face-off versus Jason Spezza in neutral zone.
18:35 of 2nd period - Snap shot by Martin Havlat.
18:35 of 2nd period - Stopped by Ryan Miller with a rebound.
18:37 of 2nd period - Slapshot by Artemi Panarin.
18:37 of 2nd period - Stopped by Ryan Miller without a rebound.
18:38 of 2nd period - Derek Boogaard wins face-off versus Brandon Dubinsky in Sharks zone.
19:03 of 2nd period - Drew Doughty is hit by Rob Scuderi and loses puck.
19:13 of 2nd period - Off-side.
19:14 of 2nd period - Jason Spezza wins face-off versus Mike Comrie in neutral zone.
19:49 of 2nd period - Ryan Wilson is hit by Oskar Osala and loses puck.
Goals for this period are 0 for Sharks vs 2 for Blue Jackets.
Shots for this period are 11 for Sharks vs 17 for Blue Jackets.
3rd period
0:01 of 3rd period - Mike Comrie wins face-off versus Jason Spezza in neutral zone.
0:13 of 3rd period - Minor Penalty to Drew Doughty for High sticking.
0:14 of 3rd period - Mike Comrie wins face-off versus Jason Spezza in Sharks zone.
0:26 of 3rd period - Backhand shot by Jason Spezza.
0:26 of 3rd period - Stopped by Rick DiPietro with a rebound.
1:53 of 3rd period - Derek Boogaard is hit by Mike Cammalleri and loses puck.
2:13 of 3rd period - Penalty to Drew Doughty is over, Drew Doughty is back on ice.
2:13 of 3rd period - Tyler Cuma is hit by Derek Boogaard and loses puck.
2:18 of 3rd period - Wrist shot by Derek Boogaard.
2:18 of 3rd period - Shot Misses the Net.
2:20 of 3rd period - Slapshot by Rob Scuderi.
2:20 of 3rd period - Deflect By Tyler Cuma.
2:20 of 3rd period - Stopped by Ryan Miller without a rebound.
2:21 of 3rd period - Luke Adam wins face-off versus Cody Eakin in Sharks zone.
2:58 of 3rd period - Snap shot by Artemi Panarin.
2:58 of 3rd period - Shot Blocked by Drew Doughty.
3:00 of 3rd period - Minor Penalty to Martins Karsums for Hooking.
3:01 of 3rd period - Jason Spezza wins face-off versus Mike Comrie in Sharks zone.
3:27 of 3rd period - Milan Michalek is hit by Cam Fowler and loses puck.
3:56 of 3rd period - Tyler Cuma is hit by Derek Boogaard and loses puck.
4:59 of 3rd period - Brandon Dubinsky is hit by Cam Fowler.
5:00 of 3rd period - Penalty to Martins Karsums is over, Martins Karsums is back on ice.
5:08 of 3rd period - Paul Ranger is hit by Cam Fowler and loses puck.
5:31 of 3rd period - Snap shot by Max Pacioretty.
5:31 of 3rd period - Shot Misses the Net.
5:37 of 3rd period - Cam Fowler is hit by Martins Karsums and loses puck.
6:00 of 3rd period - Slapshot by Rob Scuderi.
6:00 of 3rd period - Shot Blocked by Paul Ranger.
6:02 of 3rd period - Slapshot by Andreas Nodl.
6:02 of 3rd period - Shot Misses the Net.
6:22 of 3rd period - Wrist shot by Cody Eakin.
6:22 of 3rd period - Goal by Cody Eakin - Sharks : 3 - Blue Jackets : 3.
6:23 of 3rd period - Jason Spezza wins face-off versus Mike Comrie in neutral zone.
6:26 of 3rd period - Snap shot by Drew Doughty.
6:26 of 3rd period - Shot Blocked by Martin Havlat.
6:31 of 3rd period - Off-side.
6:32 of 3rd period - Milan Michalek wins face-off versus Mike Comrie in neutral zone.
6:47 of 3rd period - Snap shot by Martin Havlat.
6:47 of 3rd period - Stopped by Ryan Miller with a rebound.
6:49 of 3rd period - Wrist shot by Martin Havlat.
6:49 of 3rd period - Shot Misses the Net.
7:26 of 3rd period - Snap shot by Ryan Wilson.
7:26 of 3rd period - Shot Blocked by Jason Spezza.
7:48 of 3rd period - Wrist shot by Jason Spezza.
7:48 of 3rd period - Stopped by Rick DiPietro without a rebound.
7:49 of 3rd period - T.J. Hensick wins face-off versus Peter Mueller in Blue Jackets zone.
7:52 of 3rd period - Wrist shot by T.J. Hensick.
7:52 of 3rd period - Shot Misses the Net.
7:54 of 3rd period - Snap shot by Oskar Osala.
7:54 of 3rd period - Shot Misses the Net.
7:56 of 3rd period - Slapshot by David Rundblad.
7:56 of 3rd period - Stopped by Rick DiPietro without a rebound.
7:57 of 3rd period - Peter Mueller wins face-off versus T.J. Hensick in Blue Jackets zone.
8:20 of 3rd period - Snap shot by T.J. Hensick.
8:20 of 3rd period - Shot Misses the Net.
8:22 of 3rd period - Backhand shot by Martins Karsums.
8:22 of 3rd period - Shot Blocked by Rob Scuderi.
8:24 of 3rd period - Slapshot by T.J. Hensick.
8:24 of 3rd period - Shot Blocked by Derek Boogaard.
8:26 of 3rd period - Slapshot by Adam Larsson.
8:26 of 3rd period - Stopped by Rick DiPietro without a rebound.
8:27 of 3rd period - Andreas Nodl wins face-off versus Brandon Dubinsky in Blue Jackets zone.
8:55 of 3rd period - Minor Penalty to Zach Boychuk for Diving.
8:56 of 3rd period - Mike Comrie wins face-off versus Jason Spezza in Sharks zone.
8:57 of 3rd period - Snap shot by Artemi Panarin.
8:57 of 3rd period - Shot Misses the Net.
9:25 of 3rd period - Off-side.
9:26 of 3rd period - Peter Mueller wins face-off versus T.J. Hensick in neutral zone.
9:39 of 3rd period - Snap shot by Derek Boogaard.
9:39 of 3rd period - Shot Misses the Net.
9:41 of 3rd period - Snap shot by Peter Mueller.
9:41 of 3rd period - Stopped by Ryan Miller with a rebound.
9:51 of 3rd period - T.J. Hensick is hit by Artemi Panarin and loses puck.
10:02 of 3rd period - Wrist shot by Artemi Panarin.
10:02 of 3rd period - Shot Misses the Net.
10:14 of 3rd period - Snap shot by Jason Spezza.
10:14 of 3rd period - Stopped by Rick DiPietro with a rebound.
10:40 of 3rd period - Jason Spezza is hit by Rob Scuderi and loses puck.
10:55 of 3rd period - Penalty to Zach Boychuk is over, Zach Boychuk is back on ice.
11:03 of 3rd period - Slapshot by Zach Boychuk.
11:03 of 3rd period - Shot Misses the Net.
11:20 of 3rd period - Icing by Dennis Wideman.
11:21 of 3rd period - Christian Hanson wins face-off versus Brandon Dubinsky in Sharks zone.
12:30 of 3rd period - Off-side.
12:31 of 3rd period - Cody Eakin wins face-off versus Luke Adam in neutral zone.
12:42 of 3rd period - Slapshot by Zach Boychuk.
12:42 of 3rd period - Deflect By Jiri Tlusty.
12:42 of 3rd period - Stopped by Rick DiPietro with a rebound.
13:09 of 3rd period - Minor Penalty to Paul Ranger for Hooking.
13:10 of 3rd period - Jason Spezza wins face-off versus Mike Comrie in Sharks zone.
13:22 of 3rd period - Slapshot by Mike Comrie.
13:22 of 3rd period - Shot Blocked by Drew Doughty.
15:04 of 3rd period - T.J. Hensick is hit by Dalton Prout and loses puck.
15:09 of 3rd period - Penalty to Paul Ranger is over, Paul Ranger is back on ice.
15:12 of 3rd period - Icing by Tyler Cuma.
15:13 of 3rd period - Christian Hanson wins face-off versus T.J. Hensick in Sharks zone.
15:14 of 3rd period - Snap shot by Tyler Kennedy.
15:14 of 3rd period - Shot Misses the Net.
15:16 of 3rd period - Snap shot by Cody Eakin.
15:16 of 3rd period - Shot Blocked by Paul Ranger.
15:18 of 3rd period - Wrist shot by Cody Eakin.
15:18 of 3rd period - Stopped by Ryan Miller without a rebound.
15:19 of 3rd period - T.J. Hensick wins face-off versus Cody Eakin in Sharks zone.
15:56 of 3rd period - Wrist shot by Peter Mueller.
15:56 of 3rd period - Shot Misses the Net.
16:33 of 3rd period - Snap shot by Martins Karsums.
16:33 of 3rd period - Shot Blocked by Mike Comrie.
16:35 of 3rd period - Wrist shot by Martins Karsums.
16:35 of 3rd period - Stopped by Rick DiPietro without a rebound.
16:36 of 3rd period - T.J. Hensick wins face-off versus Cody Eakin in Blue Jackets zone.
16:41 of 3rd period - Slapshot by Martins Karsums.
16:41 of 3rd period - Shot Misses the Net.
17:25 of 3rd period - Snap shot by Stefan Ruzicka.
17:25 of 3rd period - Stopped by Rick DiPietro without a rebound.
17:26 of 3rd period - Max Pacioretty wins face-off versus Brandon Dubinsky in Blue Jackets zone.
18:04 of 3rd period - Slapshot by Rob Scuderi.
18:04 of 3rd period - Stopped by Ryan Miller with a rebound.
18:20 of 3rd period - Derek Boogaard is hit by Zach Boychuk and loses puck.
18:41 of 3rd period - Milan Michalek is hit by Dalton Prout and loses puck.
19:20 of 3rd period - Martins Karsums is hit by Mike Comrie and loses puck.
19:48 of 3rd period - Off-side.
19:49 of 3rd period - Mike Comrie wins face-off versus Brandon Dubinsky in neutral zone.
Goals for this period are 0 for Sharks vs 1 for Blue Jackets.
Shots for this period are 8 for Sharks vs 6 for Blue Jackets.
Overtime #1
0:01 of 1st overtime period - Jason Spezza wins face-off versus Artemi Panarin in neutral zone.
0:14 of 1st overtime period - Wrist shot by Jason Spezza.
0:14 of 1st overtime period - Shot Blocked by Cam Fowler.
0:53 of 1st overtime period - Mike Cammalleri is hit by Martin Havlat and loses puck.
1:24 of 1st overtime period - Slapshot by David Rundblad.
1:24 of 1st overtime period - Shot Misses the Net.
1:45 of 1st overtime period - Icing by Artemi Panarin.
1:46 of 1st overtime period - Artemi Panarin wins face-off versus Jason Spezza in Blue Jackets zone.
2:15 of 1st overtime period - Slapshot by Tyler Cuma.
2:15 of 1st overtime period - Shot Misses the Net.
2:21 of 1st overtime period - Drew Doughty is hit by Cam Fowler.
2:39 of 1st overtime period - Brandon Dubinsky is hit by Rob Scuderi and loses puck.
2:52 of 1st overtime period - Off-side.
2:53 of 1st overtime period - Jason Spezza wins face-off versus Artemi Panarin in neutral zone.
3:35 of 1st overtime period - Cody Eakin is hit by Adam Larsson and loses puck.
3:54 of 1st overtime period - Max Pacioretty is hit by Jiri Tlusty and loses puck.
Goals for this period are 0 for Sharks vs 0 for Blue Jackets.
Shots for this period are 0 for Sharks vs 0 for Blue Jackets.
ShootOut
5:00 of 1st overtime period - Round #1.
5:00 of 1st overtime period - Sharks, Mike Cammalleri.
5:00 of 1st overtime period - Wrist shot by Mike Cammalleri.
5:00 of 1st overtime period - Goal by Mike Cammalleri.
5:00 of 1st overtime period - Blue Jackets, Artemi Panarin.
5:00 of 1st overtime period - Wrist shot by Artemi Panarin.
5:00 of 1st overtime period - Stopped by Ryan Miller.
5:00 of 1st overtime period - Round #2.
5:00 of 1st overtime period - Sharks, Milan Michalek.
5:00 of 1st overtime period - Wrist shot by Milan Michalek.
5:00 of 1st overtime period - Goal by Milan Michalek.
5:00 of 1st overtime period - Blue Jackets, Derek Boogaard.
5:00 of 1st overtime period - Wrist shot by Derek Boogaard.
5:00 of 1st overtime period - Stopped by Ryan Miller.
5:00 of 1st overtime period - Round #3.
Back to the Top